 Dungeon Crawl Stone Soup version 0.27-a0-1565-gad902ab807 (webtiles) character file.

Game seed: 4880876748608529557

35 BorisBritva the Poker (level 3, 33/33 HPs)
             Began as a Minotaur Chaos Knight on July 16, 2021.
             Was a Plaything of Xom.
             Quit the game on level 1 of the Dungeon.
             The game lasted 00:02:18 (935 turns).

BorisBritva the Poker (Minotaur Chaos Knight)        Turns: 935, Time: 00:02:19

Health: 33/33      AC:  6    Str: 17    XL:     3   Next: 16%
Magic:  2/2        EV: 11    Int:  9    God:    Xom [.*....]
Gold:   46         SH:  0    Dex:  9    Spells: 2/2 levels left

rFire    . . .     SeeInvis .   a - +0 spear (chaos)
rCold    . . .     Faith    .   (no shield)
rNeg     . . .     Spirit   .   b - +2 leather armour
rPois    .         Reflect  .   (helmet restricted)
rElec    .         Harm     .   (no cloak)
rCorr    .         Rampage  .   (no gloves)
Will     .....                  g - +0 pair of boots
Stlth    +.........             (no amulet)
HPRegen  0.11/turn              (no ring)
MPRegen  0.08/turn              (no ring)

@: no status effects
A: horns 2, retaliatory headbutt
a: Renounce Religion


You were on level 1 of the Dungeon.
You worshipped Xom.
You were a plaything of Xom.
You visited 1 branch of the dungeon, and saw 1 of its levels.

You collected 46 gold pieces.

Inventory:

Hand Weapons
 a - a +0 spear of chaos (weapon)
Armour
 b - a +2 leather armour (worn)
 g - a +0 pair of boots (worn)
Jewellery
 f - a ring of flight
Scrolls
 d - a scroll of fog {unknown}
 e - a scroll of fear {unknown}
 i - a scroll of brand weapon {unknown}
 j - a scroll of noise {unknown}
Potions
 c - a potion of heal wounds {unknown}
 h - a potion of resistance {unknown}


   Skills:
 + Level 4.2 Fighting
 + Level 4.4 Polearms
 + Level 2.9 Armour
 + Level 1.1 Dodging


You had 2 spell levels left.
You didn't know any spells.
Your spell library was empty.

Dungeon Overview and Level Annotations

Branches:
Dungeon (1/15)

Altars:


Innate Abilities, Weirdness & Mutations

You have a pair of horns on your head.
You reflexively headbutt those who attack you in melee.


Message History

You barely miss the giant cockroach.
The giant cockroach bites you but does no damage. x2
You hit the giant cockroach but do no damage.
The giant cockroach bites you but does no damage.
You closely miss the giant cockroach. The giant cockroach closely misses you.
You hit the giant cockroach.
The giant cockroach is heavily wounded.
The giant cockroach bites you but does no damage.
You hit the giant cockroach but do no damage.
The giant cockroach is heavily wounded.
The giant cockroach bites you but does no damage.
You hit the giant cockroach but do no damage.
The giant cockroach is heavily wounded.
The giant cockroach bites you but does no damage.
You hit the giant cockroach.
You kill the giant cockroach!
There is a stone staircase leading down here.
There is a stone staircase leading down here.
You are now a plaything of Xom.
You see here a +0 ring mail.
A hobgoblin comes into view.
The hobgoblin shouts!
You reach to attack!
You closely miss the hobgoblin. You hit the hobgoblin. You burn the hobgoblin.
You kill the hobgoblin!
No target in view!
Done exploring.
Done exploring.
Welcome back, BorisBritva the Minotaur Chaos Knight.
Xom says: I'm watching you, my silly child.
Press ? for a list of commands and other information.
Saving game... please wait.
Welcome back, BorisBritva the Minotaur Chaos Knight.
Xom snickers.
Press ? for a list of commands and other information.
Autopickup is now off.
Autopickup is now on.
Autopickup is now off.
Autopickup is now on.
Are you sure you want to abandon this character and quit the game? (Confirm with "yes".)

### #.# #.#
#############.##
#......@.......#
#############..#########
##### #............
###...####...#########
#.....................
###...####...#####.###
#...# #...# #.# #...#
#...# #.#
########...#####.###


There were no monsters in sight!

Vanquished Creatures
  2 dart slugs (D:1)
  3 ball pythons (D:1)
  3 endoplasms (D:1)
  A giant cockroach (D:1)
  4 hobgoblins (D:1)
  6 jackals (D:1)
  A quokka (D:1)
  3 bats (D:1)
  A frilled lizard (D:1)
  A rat (D:1)
25 creatures vanquished.

Notes
Turn   | Place    | Note
-------+----------+-------------------------------------------
     0 | D:1      | BorisBritva the Minotaur Chaos Knight began the quest for
                  | the Orb.
     0 | D:1      | Reached XP level 1. HP: 19/19 MP: 0/0
   160 | D:1      | XOM: silly message
   166 | D:1      | Reached XP level 2. HP: 25/27 MP: 1/1
   481 | D:1      | Found a faded altar of an unknown god.
   588 | D:1      | Reached XP level 3. HP: 33/33 MP: 2/2
   675 | D:1      | XOM: silly message
   935 | D:1      | Quit the game

Illustrated notes

Levels and vault maps discovered:
D:1:      mrwooster_arrival_statue, layout_basic, ebering_ecumenical_altar_box

Skill      XL: |  1  2 |
---------------+-------+-----
Fighting       | 4 |  4.2
Polearms       | 4 |  4.4
Armour         | |  2.9
Dodging        | |  1.1

Action                   || total
-------------------------++-------
Melee: Spear             ||    56
       Headbutt          ||     7
Armor: Leather armour    ||    13
Dodge: Dodged            ||    17

Table legend: (Time is in decaauts)
 A = Elapsed time spent in this place.
 B = Non-inter-level travel time spent in this place.
 C = Inter-level travel time spent in this place.
 D = Time resting spent in this place.
 E = Time spent auto-exploring this place.
 F = Levels seen in this place.
 G = Mean time per level.
                   A        B        C        D        E       F      G
               +--------+--------+--------+--------+--------+-----+--------+
         Total |    929 |    899 |     30 |      0 |    779 |   1 |  929.0 |
       Dungeon |    929 |    899 |     30 |      0 |    779 |   1 |  929.0 |
               +--------+--------+--------+--------+--------+-----+--------+

Top non-repeatable levels by time:
     D:1: 929 daAuts
